[ AOE2 MATCH · #470182012 ]
Team RMEthiopians vs Sicilians
[ REPLAY ANALYSIS · EXTRACTED FROM THE RECORDED GAME ]
Feudal
12:05
Castle
—
Imperial
—
| APM avg | 46.9 |
| APM peak | 95 |
| eAPM avg | 24.5 |
| Villagers / military | 46 / 14 |
Focus
⚔️ 23.7% · 🌾 76.3%
Skirmisher ×10 · Archer ×4
Feudal
11:37
Castle
22:06
Imperial
—
| APM avg | 49.7 |
| APM peak | 91 |
| eAPM avg | 17.6 |
| Villagers / military | 56 / 35 |
Focus
⚔️ 15.8% · 🌾 84.2%
Militia ×29 · Spearman ×6
Feudal
9:32
Castle
25:22
Imperial
—
| APM avg | 46.7 |
| APM peak | 113 |
| eAPM avg | 14.8 |
| Villagers / military | 51 / 31 |
Focus
⚔️ 36.2% · 🌾 63.8%
Scout Cavalry ×31
Feudal
11:04
Castle
—
Imperial
—
| APM avg | 15.1 |
| APM peak | 25 |
| eAPM avg | 9.5 |
| Villagers / military | 28 / 14 |
Focus
⚔️ 38.7% · 🌾 61.3%
Spearman ×11 · Serjeant ×3
Feudal
10:56
Castle
22:17
Imperial
—
| APM avg | 26.6 |
| APM peak | 87 |
| eAPM avg | 15.6 |
| Villagers / military | 62 / 37 |
Focus
⚔️ 20.2% · 🌾 79.8%
Archer ×29 · Spearman ×8
Feudal
11:56
Castle
—
Imperial
—
| APM avg | 20.0 |
| APM peak | 42 |
| eAPM avg | 11.3 |
| Villagers / military | 31 / 17 |
Focus
⚔️ 29.2% · 🌾 70.8%
Militia ×17
Match map
Initial resources + every placement click. Lines = walls · curves = elevation contours. ◆ gold · ⬟ stone · ● berries · ✦ relic · ◌ wall gap
Your base· Open — unwalled flank
Winter's base· Open — 9t gap
Ríguili's base· Open — 5t gap
BULUTBEYY's base· Open — unwalled flank
Neirdarix's base· Open — unwalled flank
BubblySimbly's base· Open — unwalled flank
Smoothed initial terrain · ◌ = detected wall gap · hover for details
Inputs per minute
— DeMalagaZoy - - Winter
Build order — DeMalagaZoy
108 actions detected in the replay
| 0:03 | Build | House |
| 0:04 | Build | House |
| 0:06 | Create | Villager (Male) |
| 0:06 | Create | Villager (Male) |
| 0:06 | Create | Villager (Male) |
| 0:06 | Create | Villager (Male) |
| 1:31 | Create | Villager (Male) |
| 1:31 | Create | Villager (Male) |
| 2:07 | Build | Lumber Camp |
| 2:25 | Create | Villager (Male) |
| 2:26 | Create | Villager (Male) |
| 2:28 | Create | Villager (Male) |
| 2:28 | Create | Villager (Male) |
| 3:23 | Create | Villager (Male) |
| 3:23 | Create | Villager (Male) |
| 3:23 | Create | Villager (Male) |
| 3:24 | Create | Villager (Male) |
| 4:13 | Create | Villager (Male) |
| 4:15 | Research | Loom |
| 4:32 | Build | House |
| 5:16 | Build | Mill |
| 5:24 | Build | House |
| 5:27 | Create | Villager (Male) |
| 5:53 | Create | Villager (Male) |
| 6:06 | Create | Villager (Male) |
| 6:15 | Build | Mill |
| 6:58 | Create | Villager (Male) |
| 6:58 | Create | Villager (Male) |
| 7:16 | Build | Barracks |
| 8:09 | Build | Palisade Wall |
| 8:19 | Create | Villager (Male) |
| 8:42 | Build | Palisade Wall |
| 8:49 | Create | Villager (Male) |
| 9:20 | Build | Farm |
| 9:22 | Build | Farm |
| 9:23 | Build | Farm |
| 9:28 | Create | Villager (Male) |
| 9:55 | Research | Feudal Age |
| 10:15 | Build | Mining Camp |
| 10:39 | Create | Villager (Male) |
| 10:42 | Build | House |
| 11:03 | Create | Villager (Male) |
| 11:13 | Create | Villager (Male) |
| 11:21 | Build | Palisade Wall |
| 11:23 | Build | Palisade Wall |
| 11:28 | Create | Villager (Male) |
| 12:05 | Age | Feudal Age |
| 12:27 | Create | Villager (Male) |
| 12:59 | Create | Villager (Male) |
| 13:08 | Build | Archery Range |
| 13:11 | Create | Villager (Male) |
| 13:42 | Create | Villager (Male) |
| 13:50 | Build | House |
| 14:00 | Create | Villager (Male) |
| 14:03 | Create | Archer |
| 14:03 | Create | Archer |
| 14:51 | Create | Villager (Male) |
| 15:14 | Create | Archer |
| 15:15 | Create | Archer |
| 15:22 | Create | Villager (Male) |
| 15:41 | Build | Blacksmith |
| 15:47 | Create | Villager (Male) |
| 15:52 | Create | Skirmisher |
| 16:05 | Create | Villager (Male) |
| 16:26 | Build | Farm |
| 16:38 | Create | Skirmisher |
| 16:50 | Research | Double-Bit Axe |
| 17:03 | Build | House |
| 17:04 | Build | House |
| 17:09 | Create | Villager (Male) |
| 17:13 | Create | Skirmisher |
| 17:13 | Create | Skirmisher |
| 17:18 | Build | House |
| 17:38 | Build | Farm |
| 17:38 | Build | Farm |
| 17:47 | Build | House |
| 17:52 | Build | Farm |
| 17:58 | Build | Farm |
| 18:04 | Create | Villager (Male) |
| 18:23 | Create | Skirmisher |
| 18:24 | Create | Skirmisher |
| 18:34 | Build | Farm |
| 18:47 | Build | Mining Camp |
| 19:00 | Research | Padded Archer Armor |
| 19:09 | Build | Farm |
| 19:09 | Build | Farm |
| 19:16 | Build | Farm |
| 19:40 | Create | Villager (Male) |
| 19:42 | Create | Villager (Male) |
| 19:59 | Create | Villager (Male) |
| 21:28 | Build | House |
| 21:46 | Create | Villager (Male) |
| 21:50 | Build | House |
| 21:51 | Build | House |
| 22:08 | Create | Skirmisher ×4 |
| 22:26 | Build | Farm |
| 22:26 | Build | Farm |
| 23:06 | Build | Palisade Wall |
| 23:09 | Build | Palisade Wall |
| 23:12 | Build | Palisade Wall |
| 23:16 | Create | Villager (Male) |
| 23:18 | Create | Villager (Male) |
| 23:41 | Create | Villager (Male) |
| 23:49 | Build | Market |
| 23:53 | Build | Farm |
| 23:58 | Build | Farm |
| 24:09 | Build | Palisade Gate |
| 24:32 | Create | Villager (Male) |
Build order — Winter
142 actions detected in the replay
| 0:02 | Build | House |
| 0:05 | Build | House |
| 0:12 | Research | Loom |
| 0:17 | Create | Villager (Male) ×4 |
| 1:55 | Create | Villager (Male) |
| 2:10 | Create | Villager (Male) |
| 2:32 | Build | Lumber Camp |
| 3:14 | Create | Villager (Male) |
| 3:14 | Create | Villager (Male) |
| 3:20 | Build | House |
| 3:37 | Create | Villager (Male) |
| 3:37 | Create | Villager (Male) |
| 3:37 | Create | Villager (Male) |
| 3:58 | Build | House |
| 4:52 | Create | Villager (Male) |
| 4:52 | Create | Villager (Male) |
| 4:53 | Create | Villager (Male) |
| 5:36 | Build | Mill |
| 5:41 | Create | Villager (Male) |
| 5:42 | Create | Villager (Male) |
| 5:42 | Create | Villager (Male) |
| 5:49 | Create | Villager (Male) |
| 5:49 | Create | Villager (Male) |
| 6:10 | Create | Villager (Male) |
| 6:11 | Create | Villager (Male) |
| 6:28 | Create | Villager (Male) |
| 6:28 | Create | Villager (Male) |
| 6:44 | Create | Villager (Male) |
| 6:44 | Create | Villager (Male) |
| 6:44 | Create | Villager (Male) |
| 6:53 | Create | Villager (Male) |
| 7:29 | Create | Villager (Male) |
| 7:29 | Create | Villager (Male) |
| 7:29 | Create | Villager (Male) |
| 7:29 | Create | Villager (Male) |
| 7:30 | Create | Villager (Male) |
| 7:45 | Create | Villager (Male) |
| 8:03 | Build | House |
| 8:05 | Create | Villager (Male) |
| 8:06 | Create | Villager (Male) |
| 8:19 | Build | Barracks |
| 8:24 | Create | Villager (Male) |
| 8:40 | Build | House |
| 9:12 | Build | Mining Camp |
| 9:23 | Research | Feudal Age |
| 9:52 | Create | Militia |
| 9:53 | Create | Militia |
| 9:53 | Create | Militia |
| 10:41 | Create | Militia |
| 10:49 | Build | House |
| 10:59 | Create | Militia |
| 11:32 | Create | Villager (Male) |
| 11:32 | Create | Villager (Male) |
| 11:37 | Age | Feudal Age |
| 11:39 | Research | Man-at-Arms (upgrade) |
| 11:40 | Create | Militia |
| 11:40 | Create | Militia |
| 11:54 | Build | Blacksmith |
| 11:57 | Build | Market |
| 12:18 | Create | Villager (Male) |
| 12:44 | Create | Villager (Male) |
| 13:01 | Create | Villager (Male) |
| 13:16 | Build | Barracks |
| 13:49 | Research | Wheelbarrow |
| 13:50 | Create | Villager (Male) |
| 14:04 | Build | Farm |
| 14:08 | Create | Militia |
| 14:08 | Create | Militia |
| 14:30 | Build | Farm |
| 14:30 | Build | Farm |
| 14:30 | Build | Farm |
| 14:31 | Build | Farm |
| 14:31 | Build | Farm |
| 14:31 | Build | Farm |
| 14:59 | Build | Farm |
| 14:59 | Build | Farm |
| 15:18 | Build | Farm |
| 15:33 | Build | Farm |
| 15:46 | Build | Farm |
| 16:03 | Research | Double-Bit Axe |
| 16:35 | Create | Militia |
| 16:40 | Create | Militia |
| 17:02 | Build | Watch Tower |
| 17:12 | Create | Villager (Male) |
| 17:12 | Create | Villager (Male) |
| 17:22 | Build | Farm |
| 17:22 | Build | Farm |
| 17:22 | Build | Farm |
| 17:22 | Build | Farm |
| 17:22 | Build | Farm |
| 17:23 | Build | Farm |
| 17:54 | Build | House |
| 17:56 | Create | Villager (Male) |
| 18:12 | Create | Villager (Male) |
| 18:20 | Build | Farm |
| 18:20 | Build | Farm |
| 18:20 | Build | Farm |
| 18:21 | Build | Farm |
| 18:46 | Build | House |
| 18:47 | Build | House |
| 19:26 | Research | Castle Age |
| 19:32 | Research | Horse Collar |
| 19:32 | Research | Horse Collar |
| 19:38 | Build | Lumber Camp |
| 19:56 | Research | Scale Mail Armor |
| 20:13 | Build | Mining Camp |
| 20:19 | Build | Mining Camp |
| 20:24 | Research | Gold Mining |
| 20:28 | Create | Militia ×4 |
| 20:29 | Create | Militia ×4 |
| 20:51 | Create | Villager (Male) |
| 20:56 | Research | Forging |
| 20:56 | Research | Forging |
| 21:17 | Build | House |
| 21:21 | Research | Stone Mining |
| 21:21 | Research | Stone Mining |
| 21:39 | Create | Militia ×3 |
| 22:06 | Age | Castle Age |
| 22:08 | Build | Siege Workshop |
| 22:12 | Research | Long Swordsman (upgrade) |
| 22:21 | Create | Villager (Male) |
| 22:31 | Research | Squires |
| 22:38 | Create | Villager (Male) |
| 22:57 | Create | Militia ×2 |
| 23:09 | Create | Villager (Male) |
| 23:14 | Build | Town Center |
| 23:52 | Research | Pikeman (upgrade) |
| 23:54 | Build | Farm |
| 23:54 | Build | Farm |
| 23:57 | Create | Villager (Male) |
| 23:57 | Create | Villager (Male) |
| 24:27 | Create | Spearman ×2 |
| 24:29 | Create | Militia |
| 24:29 | Create | Militia |
| 24:29 | Create | Militia |
| 24:41 | Create | Militia ×2 |
| 25:11 | Create | Spearman ×4 |
| 25:18 | Create | Villager (Male) |
| 25:18 | Create | Villager (Male) |
| 25:47 | Build | Farm |
| 26:04 | Create | Villager (Male) |
| 26:05 | Create | Villager (Male) |
Build order — Ríguili
First 150 of 161 actions detected
| 0:01 | Create | Villager (Male) |
| 0:02 | Create | Villager (Male) |
| 0:03 | Build | House |
| 0:04 | Build | House |
| 0:08 | Create | Villager (Male) |
| 0:09 | Create | Villager (Male) |
| 1:34 | Create | Villager (Male) |
| 1:53 | Build | Lumber Camp |
| 2:06 | Create | Villager (Male) |
| 2:06 | Create | Villager (Male) |
| 2:21 | Create | Villager (Male) |
| 2:21 | Create | Villager (Male) |
| 2:54 | Create | Villager (Male) |
| 2:54 | Create | Villager (Male) |
| 3:19 | Create | Villager (Male) |
| 3:19 | Create | Villager (Male) |
| 3:43 | Create | Villager (Male) |
| 3:59 | Build | Mill |
| 4:16 | Create | Villager (Male) |
| 4:26 | Create | Villager (Male) |
| 4:39 | Create | Villager (Male) |
| 4:44 | Build | House |
| 4:50 | Research | Loom |
| 5:17 | Create | Villager (Male) |
| 5:34 | Create | Villager (Male) |
| 6:06 | Create | Villager (Male) |
| 6:26 | Create | Villager (Male) |
| 6:36 | Create | Villager (Male) |
| 7:19 | Research | Feudal Age |
| 8:07 | Build | House |
| 8:21 | Build | Farm |
| 8:29 | Build | Farm |
| 8:45 | Build | Farm |
| 9:12 | Create | Villager (Male) |
| 9:32 | Age | Feudal Age |
| 9:38 | Build | Stable |
| 9:41 | Research | Double-Bit Axe |
| 9:42 | Create | Villager (Male) |
| 10:07 | Create | Villager (Male) |
| 10:10 | Build | Farm |
| 10:14 | Build | Farm |
| 10:15 | Create | Villager (Male) |
| 10:22 | Build | House |
| 10:33 | Create | Scout Cavalry |
| 10:34 | Create | Scout Cavalry |
| 10:44 | Create | Villager (Male) |
| 10:49 | Build | Farm |
| 10:49 | Build | Farm |
| 10:49 | Build | Farm |
| 10:49 | Build | Farm |
| 11:03 | Create | Villager (Male) |
| 11:06 | Build | Palisade Wall |
| 11:09 | Create | Scout Cavalry |
| 11:17 | Create | Villager (Male) |
| 11:31 | Create | Scout Cavalry |
| 11:35 | Build | Farm |
| 12:00 | Create | Scout Cavalry |
| 12:11 | Build | House |
| 12:12 | Build | House |
| 12:37 | Create | Villager (Male) |
| 12:46 | Build | Farm |
| 12:47 | Build | Farm |
| 12:48 | Build | Farm |
| 12:56 | Create | Scout Cavalry |
| 13:06 | Build | House |
| 13:07 | Build | House |
| 13:09 | Create | Villager (Male) |
| 13:09 | Create | Villager (Male) |
| 13:18 | Build | Farm |
| 13:19 | Build | Farm |
| 13:21 | Build | Farm |
| 13:33 | Create | Villager (Male) |
| 13:39 | Create | Villager (Male) |
| 13:39 | Create | Villager (Male) |
| 13:42 | Build | Farm |
| 13:42 | Build | Farm |
| 13:53 | Create | Villager (Male) |
| 13:58 | Create | Scout Cavalry |
| 14:01 | Create | Villager (Male) |
| 14:18 | Build | Farm |
| 14:36 | Create | Villager (Male) |
| 14:58 | Create | Villager (Male) |
| 15:02 | Build | Blacksmith |
| 15:02 | Create | Scout Cavalry |
| 15:03 | Create | Scout Cavalry |
| 15:03 | Create | Scout Cavalry |
| 15:03 | Create | Scout Cavalry |
| 15:17 | Build | Farm |
| 15:17 | Build | Farm |
| 15:18 | Build | Farm |
| 15:29 | Create | Villager (Male) |
| 15:54 | Create | Scout Cavalry |
| 15:59 | Research | Scale Barding Armor |
| 15:59 | Research | Forging |
| 16:19 | Build | Mining Camp |
| 16:21 | Create | Villager (Male) |
| 16:22 | Create | Villager (Male) |
| 16:25 | Build | House |
| 16:28 | Build | Palisade Wall |
| 16:31 | Build | Palisade Wall |
| 16:36 | Create | Scout Cavalry |
| 16:40 | Create | Scout Cavalry |
| 16:50 | Build | Farm |
| 16:52 | Create | Villager (Male) |
| 16:54 | Build | Farm |
| 16:55 | Build | Farm |
| 17:02 | Build | House |
| 17:20 | Create | Scout Cavalry |
| 17:32 | Build | Farm |
| 17:45 | Create | Scout Cavalry |
| 17:53 | Build | House |
| 17:55 | Build | Palisade Wall |
| 18:03 | Build | Palisade Wall |
| 18:06 | Build | Palisade Wall |
| 18:16 | Create | Scout Cavalry |
| 18:20 | Build | Stable |
| 18:28 | Research | Bloodlines |
| 18:39 | Create | Villager (Male) |
| 18:40 | Create | Villager (Male) |
| 18:48 | Build | Farm |
| 18:48 | Create | Villager (Male) |
| 19:08 | Create | Scout Cavalry |
| 19:08 | Create | Scout Cavalry |
| 19:11 | Build | House |
| 19:13 | Build | House |
| 19:15 | Build | Farm |
| 19:16 | Create | Scout Cavalry |
| 19:20 | Build | Farm |
| 19:28 | Create | Scout Cavalry |
| 19:36 | Create | Scout Cavalry |
| 19:39 | Build | Farm |
| 19:51 | Create | Scout Cavalry |
| 19:58 | Build | Farm |
| 19:59 | Build | Farm |
| 20:03 | Create | Scout Cavalry |
| 20:03 | Create | Scout Cavalry |
| 20:24 | Create | Scout Cavalry |
| 20:24 | Create | Scout Cavalry |
| 20:28 | Create | Scout Cavalry |
| 20:28 | Create | Villager (Male) |
| 20:29 | Create | Villager (Male) |
| 20:29 | Create | Villager (Male) |
| 20:29 | Create | Villager (Male) |
| 20:55 | Build | House |
| 20:57 | Build | Farm |
| 20:58 | Build | Farm |
| 21:00 | Research | Horse Collar |
| 21:13 | Create | Scout Cavalry |
| 21:30 | Build | House |
| 21:31 | Build | Market |
Build order — BULUTBEYY
75 actions detected in the replay
| 0:03 | Create | Villager (Male) ×4 |
| 0:06 | Build | House |
| 0:10 | Build | House |
| 0:54 | Research | Loom |
| 1:43 | Create | Villager (Male) |
| 2:15 | Create | Villager (Male) |
| 2:57 | Create | Villager (Male) |
| 2:57 | Create | Villager (Male) |
| 3:05 | Build | Lumber Camp |
| 3:17 | Create | Villager (Male) |
| 4:22 | Create | Villager (Male) |
| 4:22 | Create | Villager (Male) |
| 4:45 | Create | Villager (Male) |
| 5:14 | Create | Villager (Male) |
| 5:15 | Create | Villager (Male) |
| 5:20 | Build | House |
| 5:21 | Build | House |
| 6:02 | Build | Mill |
| 6:13 | Create | Villager (Male) |
| 6:49 | Create | Villager (Male) |
| 6:49 | Create | Villager (Male) |
| 6:51 | Create | Villager (Male) |
| 7:44 | Build | Mill |
| 7:59 | Create | Villager (Male) |
| 8:54 | Research | Feudal Age |
| 9:15 | Build | Barracks |
| 10:24 | Build | Mining Camp |
| 11:04 | Age | Feudal Age |
| 11:06 | Create | Spearman |
| 11:06 | Create | Spearman |
| 11:23 | Build | Donjon |
| 11:42 | Build | Donjon |
| 11:48 | Create | Villager (Male) |
| 11:48 | Create | Villager (Male) |
| 11:55 | Build | House |
| 12:05 | Create | Spearman |
| 12:05 | Create | Spearman |
| 12:45 | Create | Serjeant |
| 12:45 | Create | Serjeant |
| 12:45 | Create | Serjeant |
| 13:17 | Create | Spearman |
| 13:18 | Create | Spearman |
| 14:06 | Build | Donjon |
| 15:16 | Build | Mining Camp |
| 16:22 | Create | Villager (Male) |
| 16:22 | Create | Villager (Male) |
| 16:22 | Create | Villager (Male) |
| 16:55 | Build | Palisade Wall |
| 16:57 | Build | Palisade Wall |
| 16:58 | Build | Palisade Wall |
| 16:59 | Build | Palisade Wall |
| 17:20 | Build | Palisade Wall |
| 17:30 | Build | Stone Wall |
| 17:35 | Build | Stone Wall |
| 17:38 | Build | Stone Wall |
| 17:49 | Build | Stone Wall |
| 18:13 | Build | Palisade Gate |
| 18:23 | Build | Palisade Gate |
| 19:03 | Build | Gate |
| 19:23 | Build | Farm |
| 19:24 | Build | Farm |
| 19:26 | Build | Farm |
| 20:17 | Create | Spearman |
| 20:17 | Create | Spearman |
| 21:37 | Create | Villager (Male) |
| 21:56 | Build | Farm |
| 22:51 | Build | Stone Wall |
| 23:24 | Create | Spearman |
| 23:24 | Create | Spearman |
| 23:24 | Create | Spearman |
| 25:10 | Build | Stone Wall |
| 25:15 | Create | Villager (Male) |
| 25:16 | Create | Villager (Male) |
| 25:16 | Create | Villager (Male) |
| 25:28 | Build | Stone Wall |
Build order — Neirdarix
First 150 of 152 actions detected
| 0:01 | Create | Villager (Male) |
| 0:02 | Create | Villager (Male) |
| 0:02 | Create | Villager (Male) |
| 0:02 | Create | Villager (Male) |
| 0:04 | Build | House |
| 0:05 | Build | House |
| 1:20 | Create | Villager (Male) |
| 1:48 | Build | Lumber Camp |
| 1:49 | Create | Villager (Male) |
| 2:05 | Create | Villager (Male) |
| 2:27 | Create | Villager (Male) |
| 2:31 | Research | Loom |
| 2:32 | Create | Villager (Male) |
| 2:45 | Create | Villager (Male) |
| 3:16 | Create | Villager (Male) |
| 3:23 | Create | Villager (Male) |
| 3:51 | Build | House |
| 3:54 | Build | Mill |
| 3:57 | Create | Villager (Male) |
| 4:07 | Create | Villager (Male) |
| 4:52 | Create | Villager (Male) |
| 5:15 | Build | House |
| 5:33 | Build | Mill |
| 5:35 | Create | Villager (Male) |
| 6:01 | Create | Villager (Male) |
| 6:01 | Create | Villager (Male) |
| 6:09 | Create | Villager (Male) |
| 6:50 | Create | Villager (Male) |
| 7:28 | Create | Villager (Male) |
| 7:28 | Create | Villager (Male) |
| 7:28 | Create | Villager (Male) |
| 7:28 | Create | Villager (Male) |
| 7:29 | Create | Villager (Male) |
| 7:48 | Build | House |
| 7:53 | Create | Villager (Male) |
| 7:53 | Create | Villager (Male) |
| 8:04 | Build | Mining Camp |
| 8:45 | Research | Feudal Age |
| 9:22 | Build | Barracks |
| 9:42 | Build | Farm |
| 9:44 | Build | Farm |
| 10:51 | Create | Villager (Male) |
| 10:52 | Create | Villager (Male) |
| 10:56 | Age | Feudal Age |
| 10:59 | Build | Archery Range |
| 11:05 | Create | Villager (Male) |
| 11:12 | Research | Double-Bit Axe |
| 11:33 | Build | House |
| 11:37 | Create | Villager (Male) |
| 11:44 | Create | Spearman |
| 11:45 | Create | Spearman |
| 11:55 | Research | Horse Collar |
| 12:02 | Create | Archer ×3 |
| 12:19 | Build | House |
| 12:23 | Create | Villager (Male) |
| 12:44 | Build | Blacksmith |
| 12:51 | Build | House |
| 12:55 | Create | Archer |
| 12:57 | Create | Villager (Male) |
| 13:18 | Create | Archer |
| 13:23 | Build | Farm |
| 13:25 | Create | Villager (Male) |
| 13:27 | Create | Villager (Male) |
| 13:27 | Create | Villager (Male) |
| 13:50 | Create | Archer |
| 13:51 | Create | Archer |
| 13:57 | Research | Padded Archer Armor |
| 13:58 | Research | Fletching |
| 14:01 | Build | Farm |
| 14:05 | Build | Farm |
| 14:08 | Build | Farm |
| 14:31 | Create | Spearman |
| 14:31 | Create | Spearman |
| 14:43 | Build | Farm |
| 15:36 | Create | Archer |
| 15:36 | Create | Villager (Male) |
| 15:40 | Build | House |
| 15:40 | Build | House |
| 15:42 | Create | Villager (Male) |
| 15:42 | Create | Villager (Male) |
| 15:44 | Build | Farm |
| 15:46 | Build | Farm |
| 16:27 | Create | Villager (Male) |
| 16:29 | Build | Farm |
| 16:30 | Build | Farm |
| 16:32 | Build | Farm |
| 16:33 | Build | Farm |
| 16:34 | Create | Villager (Male) |
| 16:34 | Create | Villager (Male) |
| 16:40 | Create | Villager (Male) |
| 16:40 | Create | Villager (Male) |
| 17:09 | Create | Archer |
| 17:13 | Create | Archer |
| 17:13 | Create | Archer |
| 17:13 | Create | Archer |
| 17:15 | Build | House |
| 17:16 | Build | House |
| 17:16 | Build | House |
| 17:39 | Build | Farm |
| 17:40 | Build | Farm |
| 18:21 | Build | Farm |
| 18:22 | Build | Farm |
| 18:24 | Create | Villager (Male) |
| 18:25 | Create | Villager (Male) |
| 18:43 | Build | Mining Camp |
| 19:07 | Build | Archery Range |
| 19:37 | Research | Castle Age |
| 19:56 | Create | Spearman |
| 20:00 | Create | Villager (Male) |
| 20:00 | Create | Villager (Male) |
| 20:09 | Build | Barracks |
| 21:15 | Build | House |
| 21:15 | Build | House |
| 21:21 | Create | Archer |
| 21:21 | Create | Archer |
| 21:25 | Create | Villager (Male) |
| 21:34 | Create | Archer ×5 |
| 21:47 | Create | Spearman |
| 21:59 | Create | Villager (Male) |
| 22:06 | Research | Wheelbarrow |
| 22:17 | Age | Castle Age |
| 22:19 | Research | Crossbowman (upgrade) |
| 22:28 | Research | Bodkin Arrow |
| 22:29 | Research | Leather Archer Armor |
| 22:35 | Create | Archer ×2 |
| 22:42 | Build | Archery Range |
| 22:46 | Create | Villager (Male) |
| 22:49 | Build | Town Center |
| 22:52 | Create | Villager (Male) |
| 22:52 | Create | Villager (Male) |
| 22:53 | Create | Villager (Male) |
| 23:55 | Create | Archer ×4 |
| 24:02 | Create | Spearman |
| 24:02 | Create | Spearman |
| 24:05 | Build | House |
| 24:05 | Build | House |
| 24:05 | Build | House |
| 24:07 | Create | Villager (Male) |
| 24:07 | Create | Villager (Male) |
| 24:08 | Create | Villager (Male) |
| 24:14 | Create | Villager (Male) |
| 24:14 | Create | Villager (Male) |
| 24:30 | Create | Archer ×2 |
| 25:08 | Create | Archer ×2 |
| 25:48 | Create | Villager (Male) |
| 25:49 | Create | Villager (Male) |
| 25:52 | Create | Villager (Male) |
| 25:55 | Build | Farm |
| 25:56 | Build | Farm |
| 25:56 | Build | Farm |
Build order — BubblySimbly
90 actions detected in the replay
| 0:07 | Create | Villager (Male) |
| 0:07 | Create | Villager (Male) |
| 0:07 | Create | Villager (Male) |
| 0:07 | Create | Villager (Male) |
| 0:09 | Build | House |
| 0:12 | Build | House |
| 1:31 | Create | Villager (Male) |
| 1:59 | Build | Lumber Camp |
| 2:07 | Research | Loom |
| 2:10 | Create | Villager (Male) |
| 2:10 | Create | Villager (Male) |
| 2:58 | Create | Villager (Male) |
| 2:58 | Create | Villager (Male) |
| 3:11 | Create | Villager (Male) |
| 3:11 | Create | Villager (Male) |
| 4:07 | Create | Villager (Male) |
| 4:07 | Create | Villager (Male) |
| 4:07 | Create | Villager (Male) |
| 5:13 | Build | House |
| 5:27 | Create | Villager (Male) |
| 5:28 | Create | Villager (Male) |
| 5:36 | Build | Mill |
| 6:06 | Build | House |
| 6:07 | Create | Villager (Male) |
| 6:07 | Create | Villager (Male) |
| 7:04 | Build | Mill |
| 7:24 | Create | Villager (Male) |
| 8:11 | Create | Villager (Male) |
| 8:22 | Build | House |
| 8:50 | Create | Villager (Male) |
| 8:59 | Build | Barracks |
| 9:43 | Create | Villager (Male) |
| 9:46 | Research | Feudal Age |
| 10:21 | Build | Palisade Wall |
| 10:41 | Build | Palisade Wall |
| 11:22 | Build | Palisade Gate |
| 11:56 | Age | Feudal Age |
| 11:58 | Build | Palisade Wall |
| 12:21 | Research | Man-at-Arms (upgrade) |
| 12:46 | Create | Militia |
| 12:46 | Create | Militia |
| 12:46 | Create | Militia |
| 14:09 | Build | Blacksmith |
| 14:33 | Build | House |
| 14:57 | Create | Militia |
| 14:58 | Create | Militia |
| 15:20 | Research | Forging |
| 16:43 | Create | Militia |
| 16:43 | Create | Militia |
| 16:43 | Create | Militia |
| 16:44 | Create | Militia |
| 16:44 | Create | Militia |
| 16:54 | Build | House |
| 17:37 | Build | House |
| 18:19 | Create | Villager (Male) |
| 19:00 | Create | Militia |
| 19:00 | Create | Militia |
| 19:03 | Create | Villager (Male) |
| 19:03 | Create | Villager (Male) |
| 19:04 | Create | Villager (Male) |
| 19:29 | Build | Mining Camp |
| 19:35 | Build | Farm |
| 19:39 | Build | Farm |
| 19:42 | Build | Farm |
| 19:56 | Create | Villager (Male) |
| 20:23 | Build | Farm |
| 20:27 | Build | Farm |
| 20:55 | Create | Villager (Male) |
| 20:55 | Create | Villager (Male) |
| 20:58 | Build | Farm |
| 21:24 | Create | Villager (Male) |
| 21:24 | Create | Villager (Male) |
| 21:27 | Build | Farm |
| 21:43 | Build | Farm |
| 21:44 | Build | Farm |
| 21:55 | Build | House |
| 21:57 | Build | House |
| 22:23 | Build | Farm |
| 22:54 | Build | Watch Tower |
| 23:39 | Create | Militia |
| 23:39 | Create | Militia |
| 23:40 | Create | Militia |
| 24:02 | Create | Militia |
| 24:02 | Create | Militia |
| 24:24 | Build | House |
| 24:31 | Build | Stone Wall |
| 24:56 | Build | Farm |
| 25:25 | Build | Farm |
| 25:27 | Build | Farm |
| 25:28 | Build | Farm |
Match timeline
| 7:16 | DeMalagaZoy · first_building Barracks |
| 8:09 | DeMalagaZoy · wall_segment Palisade Wall x10 |
| 8:19 | Winter · first_building Barracks |
| 8:42 | DeMalagaZoy · wall_segment Palisade Wall x10 |
| 8:59 | BubblySimbly · first_building Barracks |
| 9:15 | BULUTBEYY · first_building Barracks |
| 9:22 | Neirdarix · first_building Barracks |
| 9:32 | Ríguili · age_up feudal |
| 9:38 | Ríguili · first_building Stable |
| 10:21 | BubblySimbly · wall_segment Palisade Wall x4 |
| 10:41 | BubblySimbly · wall_segment Palisade Wall x4 |
| 10:56 | Neirdarix · age_up feudal |
| 10:59 | Neirdarix · first_building Archery Range |
| 11:04 | BULUTBEYY · age_up feudal |
| 11:06 | Ríguili · wall_segment Palisade Wall x12 |
| 11:21 | DeMalagaZoy · wall_segment Palisade Wall x8 |
| 11:23 | DeMalagaZoy · wall_segment Palisade Wall x9 |
| 11:23 | BULUTBEYY · first_building Donjon |
| 11:37 | Winter · age_up feudal |
| 11:56 | BubblySimbly · age_up feudal |
| 11:58 | BubblySimbly · wall_segment Palisade Wall x6 |
| 12:05 | DeMalagaZoy · age_up feudal |
| 13:08 | DeMalagaZoy · first_building Archery Range |
| 16:28 | Ríguili · wall_segment Palisade Wall x4 |
| 16:31 | Ríguili · wall_segment Palisade Wall x5 |
| 16:55 | BULUTBEYY · wall_segment Palisade Wall x4 |
| 16:57 | BULUTBEYY · wall_segment Palisade Wall x3 |
| 16:58 | BULUTBEYY · wall_segment Palisade Wall x2 |
| 16:59 | BULUTBEYY · wall_segment Palisade Wall x1 |
| 17:20 | BULUTBEYY · wall_segment Palisade Wall x2 |
| 17:30 | BULUTBEYY · wall_segment Stone Wall x7 |
| 17:35 | BULUTBEYY · wall_segment Stone Wall x9 |
| 17:38 | BULUTBEYY · wall_segment Stone Wall x5 |
| 17:49 | BULUTBEYY · wall_segment Stone Wall x5 |
| 17:55 | Ríguili · wall_segment Palisade Wall x5 |
| 18:03 | Ríguili · wall_segment Palisade Wall x9 |
| 18:06 | Ríguili · wall_segment Palisade Wall x1 |
| 18:10 | Winter · first_market_buy 100 food |
| 19:20 | Winter · first_market_sell 100 stone |
| 22:06 | Winter · age_up castle |
| 22:08 | Winter · first_building Siege Workshop |
| 22:17 | Neirdarix · age_up castle |
| 22:51 | BULUTBEYY · wall_segment Stone Wall x2 |
| 23:06 | DeMalagaZoy · wall_segment Palisade Wall x1 |
| 23:09 | DeMalagaZoy · wall_segment Palisade Wall x9 |
| 23:12 | DeMalagaZoy · wall_segment Palisade Wall x4 |
| 24:31 | BubblySimbly · wall_segment Stone Wall x1 |
| 25:10 | BULUTBEYY · wall_segment Stone Wall x19 |
| 25:22 | Ríguili · age_up castle |
| 25:28 | BULUTBEYY · wall_segment Stone Wall x18 |
| 25:31 | DeMalagaZoy · resign |
[ AI ANALYSIS · 1 CREDIT ]
What really happened in this match?
Wolo.gg analyzes every decision: build order, eco, micro, common mistakes by bracket. Personalized analysis on WhatsApp or Discord in 30 seconds.
Civ guide
Ethiopians
Map guide
Socotra
Perfil
DeMalagaZoy